 Dungeon Crawl Stone Soup version 0.28-a0-1638-g9123634e07 (webtiles) character file.

Game seed: 7087232655666238429

91 Anon1729 the Cudgeller (level 4, -1/35 HPs)
             Began as a Human Berserker on Jan 25, 2022.
             Was a Follower of Trog.
             Slain by Grinder (2 damage)
             ... on level 3 of the Dungeon.
             The game lasted 00:02:11 (4600 turns).

Anon1729 the Cudgeller (Human Berserker)            Turns: 4600, Time: 00:02:11

Health: -1/35      AC:  2    Str: 19    XL:     4   Next: 87%
Magic:  4/4        EV: 12    Int:  8    God:    Trog [*.....]
Gold:   112        SH:  0    Dex: 12    Spells: 3/3 levels left

rFire   . . .      SeeInvis .   a - +0 mace
rCold   . . .      Faith    .   (no shield)
rNeg    . . .      Spirit   .   b - +0 animal skin
rPois   .          Reflect  .   (no helmet)
rElec   .          Harm     .   (no cloak)
rCorr   .          Rampage  .   (no gloves)
Will    .....                   (no boots)
Stlth   +.........              (no amulet)
HPRegen 0.11/turn               (no ring)
MPRegen 0.09/turn               (no ring)

@: on berserk cooldown, slowed, very slow
A: no striking features
a: Renounce Religion, Berserk


You were on level 3 of the Dungeon.
You worshipped Trog.
Trog was aware of your devotion.
You visited 1 branch of the dungeon, and saw 3 of its levels.

You collected 112 gold pieces.

Inventory:

Hand Weapons
 a - a +0 mace (weapon)
Armour
 b - a +0 animal skin (worn)
Scrolls
 e - a scroll of identify {unknown}
 f - a scroll of fear {unknown}
 g - a scroll of teleportation {unknown}
 h - a scroll of amnesia {unknown}
 j - a scroll of noise {unknown}
Potions
 c - 2 potions of lignification {unknown}
 d - 2 potions of heal wounds {unknown}
 i - a potion of curing {unknown}


   Skills:
 + Level 3.5 Fighting
 * Level 3.9 Maces & Flails
 + Level 2.7 Armour
 + Level 2.7 Dodging


You had 3 spell levels left.
You didn't know any spells.
Your spell library was empty.

Dungeon Overview and Level Annotations

Branches:
Dungeon (3/15)

Altars:

Shops:
D:1 (*(

Annotations:
D:3 Grinder


Message History

Grinder is almost dead.
Grinder gestures at you.
You suddenly lose the ability to move!
Grinder gestures at you. Pain shoots through your body!
* * * LOW HITPOINT WARNING * * *
Grinder gestures at you. Pain shoots through your body!
* * * LOW HITPOINT WARNING * * *
Grinder blinks! x2
The goblin hits you but does no damage.
You can move again.
You closely miss the goblin. The goblin hits you with a +0 club.
* * * LOW HITPOINT WARNING * * *
You closely miss the goblin.
You are no longer berserk.
You are exhausted.
You feel yourself slow down. The goblin hits you with a +0 club.
* * * LOW HITPOINT WARNING * * *
You sock the goblin!
You kill the goblin!
Trog accepts your kill.
Aiming: Mindburst
Press: ? - help, Shift-Dir - straight line, f - Grinder
Aim: Grinder (almost dead, chance to affect: 64%) Grinder struggles to resist.
The now-empty wand crumbles to dust.
You aren't carrying any items that you can evoke.
You aren't carrying any items that you can evoke.
Unknown command.
Unknown command.
You closely miss Grinder.
Grinder is almost dead.
Grinder gestures at you. You resist with significant effort.
Grinder barely misses you.
You barely miss Grinder.
Grinder is almost dead.
Grinder hits you.
* * * LOW HITPOINT WARNING * * *
You writhe in agony.
You die...

......# #.#.# .#
#.###.###.#.#
#...........####
#.#######......#
#.# ######.# #.#
#.# ).# #.# ###
#.#######.#
#..@5......
######.##.#


You could see Grinder.

Vanquished Creatures
  2 adders
  3 worms
  4 ball pythons
  6 endoplasms
  3 giant cockroaches
  4 goblins
  3 hobgoblins
  10 jackals
  6 kobolds
  4 quokkas
  4 bats
  3 frilled lizards
  4 rats
56 creatures vanquished.

Notes
Turn   | Place    | Note
-------+----------+-------------------------------------------
     0 | D:1      | Anon1729 the Human Berserker began the quest for the Orb.
     0 | D:1      | Reached XP level 1. HP: 18/18 MP: 1/1
    44 | D:1      | Found Ungim's Weapon Shop.
   490 | D:1      | Reached XP level 2. HP: 23/24 MP: 2/2
  1167 | D:1      | Found Ytye's General Store.
  1327 | D:1      | Found Toanuyga's Weapon Shoppe.
  1344 | D:1      | Reached XP level 3. HP: 25/29 MP: 3/3
  1389 | D:1      | Found a faded altar of an unknown god.
  2981 | D:2      | Reached XP level 4. HP: 29/35 MP: 4/4
  3790 | D:3      | Reached ** piety under Trog
  4577 | D:3      | Noticed Grinder
  4577 | D:3      | Paralysed by Grinder for 3 turns
  4589 | D:3      | Paralysed by Grinder for 5 turns
  4600 | D:3      | HP: 1/35 [Grinder (1)]
  4600 | D:3      | Slain by Grinder

Illustrated notes

Levels and vault maps discovered:
D:1:      lemuel_arrival_cross, layout_basic, serial_shops,
          nicolae_shop_bloodbath_and_beyond, nicolae_shop_behind_doors,
          nicolae_shop_statue_plus, chequers_ecumenical_altar_simple_redux
D:2:      layout_loops_corners
D:3:      layout_basic, serial_corexii_hall, corexii_hall_statues_deadend,
          corexii_hall_statues_i, uniq_grinder

Action                   |  1- 3 |  4- 6 || total
-------------------------+-------+-------++-------
Melee: Mace              |   132 |    81 ||   213
       Punch             |     1 |     2 ||     3
Invok: Berserk           |     1 |     2 ||     3
Evoke: Wand              |       |     1 ||     1
 Stab: Sleeping          |       |     2 ||     2
Armor: Animal skin       |    23 |    13 ||    36
Dodge: Dodged            |    98 |    46 ||   144

Table legend: (Time is in decaauts)
 A = Elapsed time spent in this place.
 B = Non-inter-level travel time spent in this place.
 C = Inter-level travel time spent in this place.
 D = Time resting spent in this place.
 E = Time spent auto-exploring this place.
 F = Levels seen in this place.
 G = Mean time per level.
                   A        B        C        D        E       F      G
               +--------+--------+--------+--------+--------+-----+--------+
         Total |   4660 |   4600 |     60 |    655 |   3466 |   3 | 1553.3 |
       Dungeon |   4660 |   4600 |     60 |    655 |   3466 |   3 | 1553.3 |
               +--------+--------+--------+--------+--------+-----+--------+

Top non-repeatable levels by time:
     D:2: 1847 daAuts
     D:1: 1600 daAuts
     D:3: 1212 daAuts
